 Dungeon Crawl Stone Soup version 0.31.0-32-g396128a36d (webtiles) character file.

Game seed: 17212907118570981578

7 sneaky the Chopper (level 2, -6/29 HPs)
             Began as an Oni Gladiator on Mar 23, 2024.
             Mangled by a gnoll
             ... wielding a +0 flail
              (10 damage)
             ... on level 1 of the Dungeon.
             The game lasted 00:00:22 (117 turns).

sneaky the Chopper (Oni Gladiator)                   Turns: 117, Time: 00:00:23

Health: -6/29      AC:  3    Str: 17    XL:     2   Next: 4%
Magic:  2/2        EV: 10    Int:  9    God:
Gold:   12         SH:  0    Dex: 10    Spells: 1/1 levels left

rFire   . . .        a - +0 war axe
rCold   . . .        (no shield)
rNeg    . . .        b - +0 robe
rPois   .            c - +0 hat
rElec   .            (no cloak)
rCorr   .            (gloves unavailable)
SInv    .            (boots unavailable)
Will    .....        (no amulet)
Stlth   +            (no ring)
HPRegen 0.24/turn    (no ring)
MPRegen 0.08/turn

%: no passive effects
@: no status effects
A: large, unfitting armour, horns 1, tough skin 1, double potion healing,
drunken brawling
a: no special abilities


You were on level 1 of the Dungeon.
You visited 1 branch of the dungeon, and saw 1 of its levels.

You collected 12 gold pieces.

Inventory:

Hand Weapons
 a - a +0 war axe (weapon)
Missiles
 d - 3 throwing nets (quivered)
 e - a large rock
Armour
 b - a +0 robe (worn)
 c - a +0 hat (worn)
Scrolls
 f - a scroll of identify {unknown}
 g - a scroll of enchant armour {unknown}
 h - a scroll of teleportation {unknown}
 j - a scroll of fog {unknown}
Potions
 i - a potion of curing {unknown}
 k - a potion of lignification {unknown}
 l - a potion of brilliance {unknown}


   Skills:
 * Level 2.7 Fighting
 + Level 3.2 Axes
 + Level 2.0 Throwing
 + Level 2.9 Dodging


You had one spell level left.
You didn't know any spells.
Your spell library was empty.

Dungeon Overview and Level Annotations

Branches:
Dungeon (1/15)

Altars:


Innate Abilities, Weirdness & Mutations

You are too large for most types of armour.
You have a pair of small horns on your head.
You have tough skin. (AC +1)
You gain doubled healing and magic from potions.
Whenever you drink a healing potion, you attack all around you.


Message History

A gnoll comes into view. It is wielding a +0 flail.
The gnoll shouts!
A bat comes into view.
You see here a scroll labelled NIOPIONKYU.
The bat hits you.
You barely miss the bat. The bat hits you but does no damage.
There are monsters nearby!
You hit the gnoll but do no damage. You headbutt the gnoll.
The gnoll is moderately wounded.
You barely miss the bat. The bat hits you but does no damage.
The gnoll closely misses you.
Unknown command.
There are monsters nearby!
You hit the gnoll but do no damage.
The gnoll is moderately wounded.
You miss the bat. The bat misses you. The gnoll barely misses you.
The gnoll hits you with a +0 flail! The bat hits you but does no damage.
There are monsters nearby!
You barely miss the gnoll. You headbutt the gnoll.
The gnoll is heavily wounded.
You hit the bat. The bat closely misses you.
The gnoll hits you with a +0 flail.
Unknown command.
There are monsters nearby!
You closely miss the gnoll.
The gnoll is heavily wounded.
You closely miss the bat. The bat hits you but does no damage.
The gnoll hits you with a +0 flail! The bat misses you.
There are monsters nearby!
You are too injured to fight recklessly!
There are monsters nearby!
You are too injured to fight recklessly!
You closely miss the gnoll.
The gnoll is heavily wounded.
You hit the bat.
You kill the bat!
The gnoll hits you with a +0 flail.
* * * LOW HITPOINT WARNING * * *
The gnoll hits you with a +0 flail!
You die...

##†#)#....# #.#
.†.###....# #.#
..........# #.#
.†........# #.#
..........# #.#
.....[....# #.#
..........####.#
..............?####+####
..........##....@......#
.................g.....#
######....##...........#
..........##...........#
.######...##...........#
..........##...........#
..#####...##............
#...##...........# #...#
.......


You could see a gnoll.

Vanquished Creatures
  2 ball pythons (D:1)
  3 hobgoblins (D:1)
  2 bats (D:1)
  A rat (D:1)
8 creatures vanquished.

Notes
Turn   | Place    | Note
-------+----------+-------------------------------------------
     0 | D:1      | sneaky the Oni Gladiator began the quest for the Orb.
     0 | D:1      | Reached XP level 1. HP: 22/22 MP: 1/1
    65 | D:1      | Reached XP level 2. HP: 28/29 MP: 2/2
   117 | D:1      | Mangled by a gnoll

Illustrated notes

Levels and vault maps discovered:
D:1:      lightli_arrival_quake, layout_basic, minmay_pentomino_u4

Action                     || total
---------------------------++-------
  Melee: War axe           ||    14
         Headbutt          ||     3
         Punch             ||     1
 Armour: Robe              ||    13
  Dodge: Dodged            ||    11
